 Dungeon Crawl Stone Soup version 0.30.1 (webtiles) character file.

Game seed: 13560882402626502586

87 safid the Chiller (level 4, 0/34 HPs)
             Began as a Merfolk Ice Elementalist on July 10, 2023.
             Slain by a gnoll
             ... wielding a +0 spear
              (6 damage)
             ... on level 2 of the Dungeon.
             The game lasted 00:02:37 (1153 turns).

safid the Chiller (Merfolk Ice Elementalist)        Turns: 1153, Time: 00:02:38

Health: 0/34       AC:  5    Str:  8    XL:     4   Next: 51%
Magic:  5/8        EV: 12    Int: 16    God:
Gold:   40         SH:  0    Dex: 14    Spells: 1/8 levels left

rFire   . . .        e - +0 broad axe
rCold   . . .        (no shield)
rNeg    . . .        a - +0 robe
rPois   .            (no helmet)
rElec   .            (no cloak)
rCorr   .            d - +2 pair of gloves
SInv    .            (no boots)
Will    .....        (no amulet)
Stlth   ++           (no ring)
HPRegen 0.25/turn    (no ring)
MPRegen 0.11/turn

%: no passive effects
@: freezing walls
A: (nimble swimmer 2), mertail
a: no special abilities


You were on level 2 of the Dungeon.
You visited 1 branch of the dungeon, and saw 2 of its levels.

You collected 40 gold pieces.

Inventory:

Hand Weapons
 e - a +0 broad axe (weapon)
Armour
 a - a +0 robe (worn)
 d - a +2 pair of gloves (worn)
Wands
 k - a wand of digging (8)
Scrolls
 f - a scroll of fog {unknown}
 h - a scroll of identify {unknown}
 j - a scroll of magic mapping {unknown}
 l - a scroll of teleportation {unknown}
Potions
 b - a potion of magic
 c - a potion of ambrosia {unknown}
 g - 2 potions of invisibility {unknown}
 i - a potion of curing {unknown}
 m - a potion of haste {unknown}


   Skills:
 + Level 2.3 Fighting
 - Level 2.6 Dodging
 - Level 2.1 Stealth
 + Level 2.9 Spellcasting
 + Level 5.1 Ice Magic


You had one spell level left.
You knew the following spells:

 Your Spells              Type           Power      Damage    Failure   Level
a - Freeze                Ice            72%        1d8       2%          1
b - Frozen Ramparts       Ice            36%        1d6       7%          3
c - Ozocubu's Armour      Ice            18%        N/A       7%          3

Your spell library contained the following spells:

 Spells                   Type           Power      Damage    Failure   Level
 Hailstorm                Conj/Ice       10%        3d5       21%         3
 Passwall                 Tmut/Erth      1%         N/A       28%         2
 Confusing Touch          Hex            2%         N/A       50%         3
 Volatile Blastmotes      Fire/Tloc      4%         2d10      50%         3
 Ice Form                 Ice/Tmut       10%        N/A       54%         4
 Summon Ice Beast         Ice/Summ       10%        N/A       54%         4
 Fulminant Prism          Conj/Hex       1%         3d5       88%         4
 Iskenderun's Mystic Bla  Conj/Tloc      2%         2d3       88%         4
 Lee's Rapid Deconstruct  Erth           1%         3d4*      99%         5
 Yara's Violent Unravell  Hex/Tmut       1%         3d3       99%         5
 Iron Shot                Conj/Erth      1%         9d1       100%        6
 Simulacrum               Ice/Necr       5%         N/A       100%        6


Dungeon Overview and Level Annotations

Branches:
Dungeon (2/15)

Altars:


Innate Abilities, Weirdness & Mutations

((You are very nimble when in or above water. (Stealth+, EV+, Speed+++)))
Your lower body shifts to a powerful aquatic tail in water.


Message History

You freeze the dart slug.
You kill the dart slug!
Unknown command.
m - a lumpy coppery potion You open the door.
A rat comes into view.
There is an open door here. 4 gnolls come into view.
The gnoll shouts! x4
You barely miss the gnoll. You hit the gnoll.
The gnoll is moderately wounded.
You hit the gnoll but do no damage. The gnoll closely misses you.
The gnoll misses you. The gnoll barely misses you.
The gnoll hits you from afar with a +0 spear!
The gnoll barely misses you.
Unknown command.
Casting: Freeze (safe; 2% risk of failure)
Confirm with . or Enter, or press ? or * to list all spells.
Casting: Frozen Ramparts (dangerous; 7% risk of failure)
Press: ? - help, Dir - look around, f - activate The walls around you are covered in ice.
The wall freezes the gnoll.
The gnoll hits you with a +0 flail.
The wall freezes the gnoll.
The gnoll barely misses you.
The wall freezes the gnoll but does no damage.
The gnoll hits you with a +0 flail.
The wall freezes the rat.
You kill the rat!
You hit the gnoll.
The gnoll is severely wounded.
You barely miss the gnoll.
The wall freezes the gnoll.
The gnoll hits you but does no damage.
The wall freezes the gnoll but does no damage.
The gnoll hits you from afar with a +0 spear!
The wall freezes the gnoll. x2
You kill the gnoll!
The wall freezes the gnoll.
The gnoll hits you with a +0 flail.
* * * LOW HITPOINT WARNING * * *
The wall freezes the gnoll but does no damage.
The gnoll hits you from afar with a +0 spear.
You die...

######......# #
#.........###
.....# #
#.####.#### .....#
#<# .....#
###.######## .....#
#..........# .....#
#..........# g....#
#..........##)....#
#..........'@gg.#
#..........######
###.####..#### #.#
##....# #.#
#...#.#### #.
+........#
#...####.. #...# .
#...#


You could see 3 gnolls.

Vanquished Creatures
  Jessica (D:2)
  A gnoll (D:2)
  3 adders (D:2)
  A dart slug (D:2)
  2 ball pythons (D:1)
  An endoplasm (D:2)
  6 goblins
  3 hobgoblins (D:1)
  A quokka (D:1)
  4 bats (D:1)
  3 frilled lizards
  3 kobolds (D:1)
  6 rats
35 creatures vanquished.

Notes
Turn   | Place    | Note
-------+----------+-------------------------------------------
     0 | D:1      | safid the Merfolk Ice Elementalist began the quest for the
                  | Orb.
     0 | D:1      | Reached XP level 1. HP: 13/13 MP: 3/3
   198 | D:1      | Reached XP level 2. HP: 14/20 MP: 5/5
   317 | D:1      | Reached skill level 1 in Fighting
   641 | D:1      | Reached XP level 3. HP: 25/26 MP: 4/6
   816 | D:2      | Noticed Jessica
   819 | D:2      | Killed Jessica
   870 | D:2      | Reached skill level 5 in Ice Magic
   870 | D:2      | Reached XP level 4. HP: 33/33 MP: 5/8
   874 | D:2      | Learned a level 3 spell: Frozen Ramparts
   878 | D:2      | Learned a level 3 spell: Ozocubu's Armour
  1051 | D:2      | Got Kuuk's Secrets of Destined Bedrock
  1153 | D:2      | Slain by a gnoll

Illustrated notes

Levels and vault maps discovered:
D:1:      ncdulo_smallfort, layout_loops_cross
D:2:      layout_basic, chequers_serial_rivers_room_b, uniq_jessica

Skill      XL: |  1  2  3 |
---------------+----------+-----
Fighting       | 1 2 |  2.3
Ice Magic      | 5 |  5.1
Dodging        | |  2.6
Stealth        | |  2.1
Spellcasting   | |  2.9

Action                     |  1- 3 |  4- 6 || total
---------------------------+-------+-------++-------
  Melee: War axe           |     7 |       ||     7
         Broad axe         |    46 |     9 ||    55
         Punch             |     1 |       ||     1
   Cast: Freeze            |    13 |     9 ||    22
         Frozen Ramparts   |       |     1 ||     1
   Stab: Sleeping          |     2 |     1 ||     3
 Armour: Robe              |    19 |     6 ||    25
  Dodge: Dodged            |    49 |    14 ||    63
